 Dungeon Crawl Stone Soup version 0.19.5 (webtiles) character file.

132 Jerry the Slasher (level 4, -1/38 HPs)
             Began as a Demigod Fighter on May 2, 2017.
             Slain by a gnoll
             ... wielding a +0 halberd
              (11 damage)
             ... on level 2 of the Dungeon.
             The game lasted 00:04:14 (2505 turns).

Jerry the Slasher (Demigod Fighter)                 Turns: 2505, Time: 00:04:15

Health: -1/38      AC:  6    Str: 19    XL:     4   Next: 62%
Magic:  6/6        EV:  9    Int: 12    God:
Gold:   61         SH:  0    Dex: 17    Spells: 0 memorised, 3 levels left

rFire  . . .     SeeInvis .     a - +0 long sword
rCold  . . .     Gourm    .     b - +0 scale mail
rNeg   . . .     Faith    .     (no shield)
rPois  .         Spirit   .     (no helmet)
rElec  .         Reflect  .     (no cloak)
rCorr  .         Harm     .     (no gloves)
MR     .....                    (no boots)
Stlth  ..........               (no amulet)
                                (no ring)
                                (no ring)

@: no status effects
A: high mp 1
a: no special abilities


You were on level 2 of the Dungeon.
You were not hungry.

You visited 1 branch of the dungeon, and saw 3 of its levels.

You collected 61 gold pieces.

Inventory:

Hand Weapons
 a - a +0 long sword (weapon)
Armour
 b - a +0 scale mail (worn)
 c - a +0 shield
Scrolls
 h - a scroll of recharging {unknown}
 i - 2 scrolls of identify {unknown}
 j - 2 scrolls of remove curse {unknown}
 n - 2 scrolls of amnesia {unknown}
 p - a scroll of enchant weapon {unknown}
Potions
 d - a potion of might
 e - 2 potions of mutation {unknown}
 g - a potion of berserk rage {unknown}
 k - a potion of magic {unknown}
 m - a potion of ambrosia {unknown}
 q - 3 potions of brilliance {unknown}
Comestibles
 f - 2 bread rations
 l - a meat ration
 o - a slice of pizza


   Skills:
 + Level 3.4 Fighting
 * Level 3.6 Long Blades
 + Level 3.3 Armour
 - Level 2.6 Shields


You had 3 spell levels left.
You didn't know any spells.

Dungeon Overview and Level Annotations

Branches:
Dungeon (3/15)


Innate Abilities, Weirdness & Mutations

You have an increased reservoir of magic. (+10% MP)


Message History

The orc wizard is heavily wounded.
The orc wizard hits you but does no damage.
You slash the orc wizard!
You kill the orc wizard!
No target in view!
No target in view!
Things that are here:
a dagger; a robe
There is a stone staircase leading down here.
You climb downwards.
The gnoll hits you with a halberd!
There is a stone staircase leading up, spattered with blood here.
The gnoll hits you with a halberd.
You climb upwards.
There is a stone staircase leading down here.
You completely miss the gnoll. The gnoll hits you with a halberd!
* * * LOW HITPOINT WARNING * * *
You hit the gnoll.
The gnoll is heavily wounded.
The gnoll hits you with a halberd!
You die...

'.###.#.....................#####
#.# #............................
(.# #...#+#.##...#..........#.###
..###...#.#.##...().........^..≈^
..##......#'##...........###...^^
..##...............(.....≈#≈..≈##
..##..........#..........###..^#.
....#...#........)........^.≈.^^≈
......###.......@)..........._(..
................[g.......(.≈..≈^§
#........................#^#≈..#^
#...##..).....#....##...≈#.#^...≈
#..######.....#....##...^(§#..^##
...................##.....§≈^..≈≈
#########.####.....##.......#.###
...##........#.....##.........#
...##.###.##.#.....############


You could see a gnoll.

Vanquished Creatures
  An orc wizard (D:2)
  2 gnolls (D:2)
  2 adders (D:2)
  2 oozes
  A dart slug (D:1)
  4 leopard geckos
  5 bats
  12 goblins
  5 hobgoblins
  4 jackals (D:1)
  2 ball pythons
  8 kobolds
  2 rats
50 creatures vanquished.

Notes
Turn   | Place    | Note
-------+----------+-------------------------------------------
     0 | D:1      | Jerry the Demigod Fighter began the quest for the Orb.
     0 | D:1      | Reached XP level 1. HP: 18/18 MP: 3/3
   222 | D:1      | Reached XP level 2. HP: 20/25 MP: 4/4
   583 | D:1      | Reached XP level 3. HP: 26/31 MP: 5/5
  1426 | D:2      | Found a snail-covered altar of Cheibriados.
  1720 | D:2      | Found a stormy altar of Qazlal.
  2007 | D:2      | Reached XP level 4. HP: 21/38 MP: 6/6
  2505 | D:2      | Slain by a gnoll

Skill      XL: |  1  2  3 |
---------------+----------+-----
Long Blades    | 2 3 |  3.6
Fighting       | 3 |  3.4
Armour         | 3 |  3.3
Shields        | |  2.6

Action                   |  1- 3 |  4- 6 || total
-------------------------+-------+-------++-------
Melee: Long sword        |   119 |    20 ||   139
  Eat: Chunk             |     4 |     1 ||     5
Armor: Scale mail        |    69 |     7 ||    76
Dodge: Dodged            |    77 |     4 ||    81
       Rpst.: Long sword |    30 |       ||    30
